 Dungeon Crawl Stone Soup version 0.29.0-4-gdea44cf6ec (webtiles) character file.

Game seed: 13094474088778740019

82 qw the Ruffian (level 4, -1/35 HPs)
             Began as a Ghoul Fire Elementalist on Aug 29, 2022.
             Slain by Sigmund
             ... wielding a +0 scythe
              (4 damage)
             ... on level 4 of the Dungeon.
             The game lasted 00:01:27 (2597 turns).

qw the Ruffian (Ghoul Fire Elementalist)            Turns: 2597, Time: 00:01:27

Health: -1/35      AC:  6    Str: 13    XL:     4   Next: 43%
Magic:  5/5        EV: 11    Int: 10    God:
Gold:   147        SH:  0    Dex:  9    Spells: 5/6 levels left

rFire   . . .      SeeInvis .     - Unarmed
rCold   + . .      Faith    .   (no shield)
rNeg    + + +      Spirit   .   g - +0 leather armour
rPois   inf        Reflect  .   (no helmet)
rElec   .          Harm     .   (no cloak)
rCorr   .          Rampage  .   i - +2 pair of gloves
Will    .....                   (no boots)
Stlth   +.........              (no amulet)
HPRegen 0.00/turn               (no ring)
MPRegen 0.09/turn               (no ring)

@: inhibited regen
A: claws 1, cold resistance 1, negative energy resistance 3, inhibited
regeneration, torment resistance 2, devour on kill
a: no special abilities


You were on level 4 of the Dungeon.
You visited 1 branch of the dungeon, and saw 3 of its levels.

You collected 147 gold pieces.


Innate Abilities, Weirdness & Mutations

You are immune to poison.
You have sharp fingernails.
Your flesh is cold resistant. (rC+)
You are immune to negative energy. (rN+++)
You do not regenerate when monsters are visible.
You are immune to unholy pain and torment.
You thrive by killing the living.


   Skills:
 + Level 1.2 Fighting
 - Level 1.7 Dodging
 - Level 2.1 Stealth
 - Level 4.0 Unarmed Combat
 - Level 1.7 Spellcasting
 - Level 0.7 Conjurations
 - Level 2.4 Fire Magic


You had 5 spell levels left.
You knew the following spells:

 Your Spells              Type           Power      Damage    Failure   Level
a - Foxfire               Conj/Fire      16%        2x1d4     22%         1

Your spell library contained the following spells:

 Spells                   Type           Power      Damage    Failure   Level
 Scorch                   Fire           10%        2d6       22%         2
 Conjure Flame            Conj/Fire      4%         6-21      54%         3
 Inner Flame              Hex/Fire       3%         N/A       58%         3
 Flame Wave               Conj/Fire      4%         2d5       91%         4

Inventory:

Armour
 g - a +0 leather armour (worn)
 i - a +2 pair of gloves (worn)
Jewellery
 b - a +6 ring of intelligence
Scrolls
 c - a scroll of butterflies {unknown}
 f - 2 scrolls of identify
 j - a scroll of teleportation {unknown}
 l - a scroll of noise {unknown}
 m - a scroll of acquirement {unknown}
 Y - 2 scrolls of enchant armour
Potions
 a - a potion of ambrosia {unknown}
 d - 2 potions of lignification {unknown}
 e - a potion of cancellation
 h - a potion of degeneration {unknown}
 k - a potion of heal wounds {unknown}

Dungeon Overview and Level Annotations

Branches:
Dungeon (2/15)

Altars:

Annotations:
D:4 Sigmund


Message History

You hit Sigmund but do no damage.
Sigmund is moderately wounded.
The hobgoblin closely misses you. Sigmund hits you with a +0 scythe!
You barely miss Sigmund.
Sigmund is moderately wounded.
The hobgoblin closely misses you.
You hit Sigmund.
Sigmund is heavily wounded.
The hobgoblin barely misses you.
Sigmund points at you and mumbles some strange words.
The magic dart hits you!
You hit Sigmund.
Sigmund is heavily wounded.
The hobgoblin barely misses you.
Sigmund points at you and mumbles some strange words.
The puff of flame misses you.
You hit Sigmund but do no damage. You punch Sigmund.
Sigmund is heavily wounded.
Sigmund drinks a potion.
Sigmund is healed!
The hobgoblin closely misses you.
You hit Sigmund.
Sigmund is moderately wounded.
The hobgoblin barely misses you. Sigmund hits you with a +0 scythe.
You hit Sigmund.
Sigmund is heavily wounded.
The hobgoblin hits you but does no damage.
You completely miss Sigmund.
Sigmund is heavily wounded.
Sigmund barely misses you. The hobgoblin closely misses you.
You hit Sigmund but do no damage.
Sigmund is heavily wounded.
The hobgoblin hits you.
Sigmund casts a spell.
Sigmund flickers and vanishes!
Deactivating autopickup; reactivate with Ctrl-A.
You barely miss the hobgoblin. The hobgoblin misses you.
Something hits you but does no damage.
You closely miss the hobgoblin. You hit the hobgoblin but do no damage.
The hobgoblin closely misses you. Something hits you.
You die...

#......_.....###
....~~...~~....#
#..~.....~....
#...¤~.~....# #
#...~~.~¤......
#..¤.¤....#....
...##.#¤¤.........
..........@g......
#######.###{......
#.....).# .......
#.#####.# .......
#.#####.# ##.####
#.......# .#
#.##.##.# .
#.#..##.# ..
#.......#


You could see a hobgoblin.

Vanquished Creatures
  A necrophage (D:4)
  A dart slug (D:1)
  2 bats (D:1)
  2 endoplasms (D:1)
  2 giant cockroaches (D:1)
  2 goblins
  2 hobgoblins
  2 jackals (D:1)
  3 kobolds
  4 ball pythons
  A frilled lizard (D:1)
  A rat (D:1)
23 creatures vanquished.

Notes
Turn   | Place    | Note
-------+----------+-------------------------------------------
     0 | D:1      | qw the Ghoul Fire Elementalist began the quest for the Orb.
     0 | D:1      | Reached XP level 1. HP: 14/14 MP: 2/2
     0 | D:1      | 0 ||| qw: Version: 0.1-a-90-g952f4b7
     0 | D:1      | 0 ||| qw: Game counter: 4092
     0 | D:1      | 0 ||| qw: Always use a shield: true
     0 | D:1      | 0 ||| qw: God list: Okawaru
     0 | D:1      | 0 ||| qw: Allow faded altars: false
     0 | D:1      | 0 ||| qw: Do Orc after D:15 true
     0 | D:1      | 0 ||| qw: Do second Lair branch before Depths: true
     0 | D:1      | 0 ||| qw: Lair rune preference: random
     0 | D:1      | 0 ||| qw: Plans: Normal
     0 | D:1      | 0 ||| PLANNING D:1-11
   407 | D:1      | Reached skill level 1 in Unarmed Combat
   495 | D:1      | Found a faded altar of an unknown god.
   624 | D:1      | Reached skill level 1 in Fighting
   624 | D:1      | Reached XP level 2. HP: 23/23 MP: 3/3
  1275 | D:1      | Reached skill level 2 in Unarmed Combat
  1730 | D:1      | 1730 ||| UPGRADING to +0 leather armour.
  1740 | D:1      | 1740 ||| DROPPING +0 robe.
  1741 | D:1      | 1741 ||| UPGRADING to +2 pair of gloves.
  1746 | D:1      | 1746 ||| READING 2 scrolls labelled SAMEUW COZXOOG.
  1747 | D:1      | 1747 ||| READING 3 scrolls labelled MEDANAUREA.
  1748 | D:1      | 1748 ||| DRINKING 2 sapphire potions.
  1749 | D:1      | 1749 ||| DROPPING potion of magic.
  2269 | D:2      | You fall into a shaft and drop 2 floors!
  2273 | D:4      | Noticed a necrophage
  2289 | D:4      | Killed a necrophage
  2290 | D:4      | Reached skill level 4 in Unarmed Combat
  2290 | D:4      | Reached XP level 3. HP: 8/28 MP: 4/4
  2290 | D:4      | Reached XP level 4. HP: 10/35 MP: 5/5
  2551 | D:4      | 2551 ||| Stepping ~*~*~tactically~*~*~ (stealth).
  2552 | D:4      | 2552 ||| Stepping ~*~*~tactically~*~*~ (stealth).
  2561 | D:4      | 2561 ||| Stepping ~*~*~tactically~*~*~ (stealth).
  2562 | D:4      | 2562 ||| Stepping ~*~*~tactically~*~*~ (stealth).
  2581 | D:4      | Noticed Sigmund
  2588 | D:4      | HP: 6/35 [Sigmund/magic dart (7)]
  2594 | D:4      | HP: 3/35 [hobgoblin (2)]
  2597 | D:4      | Slain by Sigmund

Levels and vault maps discovered:
D:1:      amcnicky_arrival_underground_garden, layout_basic,
          dreamdust_ecumenical_altar_angels_and_demons
D:2:      layout_basic
D:4:      layout_loops_cross, mainiacjoe_overflow_small_starburst, serial_shops,
          nicolae_lakefront_shop, minmay_misc_feat_rugged,
          kennysheep_generic_room_15, uniq_sigmund, uniq_blork_the_orc,
          uniq_crazy_yiuf_cottage

Skill      XL: |  1  2 |
---------------+-------+-----
Unarmed Combat | 1 4 |  4.0
Fighting       | 1 |  1.2
Dodging        | |  1.7
Stealth        | |  2.1
Spellcasting   | |  1.7
Conjurations   | |  0.7
Fire Magic     | |  2.4

Action                   |  1- 3 |  4- 6 || total
-------------------------+-------+-------++-------
Melee: Unarmed           |   107 |    23 ||   130
       Punch             |     1 |     2 ||     3
  Use: Scroll            |     2 |       ||     2
       Potion            |     1 |       ||     1
 Stab: Sleeping          |     1 |       ||     1
Armor: Robe              |    14 |       ||    14
       Leather armour    |     3 |     6 ||     9
Dodge: Dodged            |    51 |    16 ||    67

Table legend:
 A = Non-vault XP
 B = Vault XP
 C = Vault XP percentage of total XP
 D = Non-vault monster count
 E = Vault monster count
 F = Vault count percentage of total count
                 A         B        C        D         E       F
            +---------+---------+-------+---------+---------+-------
      Total |     118 |       0 |   0.0 |      23 |       0 |   0.0
            +---------+---------+-------+---------+---------+-------
        D:1 |      28 |       0 |   0.0 |      16 |       0 |   0.0
        D:2 |       5 |       0 |   0.0 |       3 |       0 |   0.0
        D:4 |      85 |       0 |   0.0 |       4 |       0 |   0.0
            +---------+---------+-------+---------+---------+-------
